Description

Heromarines 2 Base allin against reynor at IEM Katowice 2022. Cut workers as soon as both bases are saturated. strong marine tank force of 5rax. make sure your micro is on point.

Replay - HeroMarine v Reynor: Game 1 - [ESL] Glittering Ashes

Build Order

Get SALT Encoding   

  12  0:00  SCV  
  13  0:12  SCV  
  14  0:17  Supply Depot  
  14  0:24  SCV  
  15  0:38  SCV  
  16  0:50  SCV  
  17  0:58  Command Center  
  17  1:02  SCV  
  18  1:12  Barracks  
  18  1:15  SCV  
  19  1:20  Refinery  
  19  1:27  SCV  
  19  1:28  Refinery  
  20  1:39  SCV  
  21  1:51  SCV  
  22  1:58  Marine  
  23  2:03  Orbital Command  
  23  2:07  Factory  
  23  2:12  Orbital Command  
  23  2:16  Barracks Reactor  
  23  2:29  SCV  
  24  2:38  SCV x2  
  26  2:50  SCV x2  
  27  2:54  Starport  
  27  2:56  Hellion x2, Supply Depot  
  32  3:00  Barracks Tech Lab  
  32  3:02  SCV x2  
  34  3:14  SCV x2  
  34  3:18  Hellion x2, Stimpack  
  40  3:21  Supply Depot  
  40  3:24  Marauder  
  42  3:31  Viking  
  42  3:32  SCV x2  
  46  3:44  SCV x2  
  46  3:46  Marine  
  49  3:53  Supply Depot  
  53  3:56  SCV  
  53  4:01  Barracks x2, Starport Reactor  
  50  4:04  Marine  
  50  4:05  SCV x2  
  50  4:06  Engineering Bay  
  50  4:07  Factory Tech Lab  
  53  4:15  Supply Depot  
  53  4:17  SCV x2  
  53  4:21  Marine  
  56  4:27  Refinery, Supply Depot  
  56  4:29  SCV x2  
  56  4:30  Siege Tank  
  60  4:34  Terran Infantry Weapons Level 1  
  61  4:41  Marine, SCV x2  
  64  4:46  Starport Reactor  
  64  4:48  Barracks x2  
  64  4:53  SCV x2  
  64  4:54  Marine x4  
  64  4:58  Refinery  
  70  5:00  Marine  
  70  5:04  Siege Tank  
  70  5:06  Combat Shield  
  74  5:12  Marine x2  
  74  5:13  Supply Depot x3  
  75  5:20  Marine x2  
  78  5:34  Marine x4, Medivac x2  
  85  5:40  Supply Depot x2  
  85  5:42  Siege Tank  
  89  5:43  Marine x3  
  92  5:52  Marine x3  
  95  5:59  Marine x4  
  98  6:08  Medivac  
  98  6:10  Marine x3  
  103  6:14  Siege Tank, Medivac  
  103  6:17  Marine x4  
  113  6:27  Marine x3  
  114  6:35  Marine x3  
  117  6:41  Marine x2  
  118  6:53  Siege Tank, Liberator x2, Supply Depot  
  126  6:57  Marine x4  
  107  7:10  Marine x4  
  101  7:15  Marine x3  
  103  7:25  Siege Tank  
  103  7:28  Marine x4  
  99  7:33  Marine x3  
  97  7:46  Marine x4  
  97  7:51  Marine x3  
Spawning Tool Build Advisor. Get it on Overwolf

Go to:

Details

  • Created by: lucahecker
  • Published on: Feb 27, 2022
  • Modified on: Feb 27, 2022
  • Patch: 4.11.0
  • Difficulty: Medium
Show
View Real Time Build Order
Export as new Build Order

Comments (0)

There are no comments. Be the first!

Create an account to comment!